[Event "British Rapidplay Championship 2023"]
[Site "Mercure Bradford, Bankfield Hotel"]
[Date "2023.04.16"]
[Round "10.3"]
[White "Arkell, Keith C"]
[Black "Makkar, Rajat"]
[Result "1/2-1/2"]
[TimeControl "15 minutes plus 10 seconds per move"]
[WhiteElo "2447"]
[BlackElo "2297"]

1. d4 d5 2. Nf3 Nf6 3. c4 c6 4. Qc2 dxc4 5. Qxc4 Bf5 6. g3 e6 7. Bg2 Be7 8. O-O O-O 9. Bg5 Nbd7 10. Nbd2 h6 11. Bxf6 Bxf6 12. Rfd1 Qb6 13. Qb3 Rfd8 14.
e3 Qxb3 15. Nxb3 a5 16. Rac1 a4 17. Nc5 Nxc5 18. Rxc5 a3 19. b3 Be7 20. Rcc1 Be4 21. Ne5 Bxg2 22. Kxg2 f6 23. Nd3 Ra5 24.
b4 Rb5 25. Rc3 e5 26. Rxa3 exd4 27. e4 b6 28. Rc1 Bxb4 29. Nxb4 Rxb4 30. Rxc6 d3 31. Ra7 Rxe4 32. Rcc7 Rg4 33.
h3 Rg5 34. h4 Rg4 35. f3 d2 36. fxg4 d1=Q 37. Rxg7+ 1/2-1/2

[Event "British Rapidplay Championship 2023"]
[Site "Mercure Bradford, Bankfield Hotel"]
[Date "2023.04.16"]
[Round "10.4"]
[White "Ashton, Adam G"]
[Black "Eckersley-Waites, Tom"]
[Result "1-0"]
[TimeControl "15 minutes plus 10 seconds per move"]
[WhiteElo "2390"]
[BlackElo "2304"]

1. e4 e5 2. Nf3 Nc6 3. Bb5 a6 4. Ba4 Nf6 5. O-O b5 6. Bb3 Be7 7. d3 O-O 8. Nc3 d6 9. a4 Bg4 10. Be3 b4 11. Nd5 Na5 12. Ba2 Nxd5 13.
Bxd5 c6 14. Ba2 Rb8 15. h3 Be6 16. Bxe6 fxe6 17. d4 Qc7 18. dxe5 dxe5 19. Qe2 b3 20. c3 Ra8 21. Nd2 c5 22.
Nc4 Nc6 23. Rfd1 Qb7 24. Rd2 Nd4 25. cxd4 exd4 26. Qg4 dxe3 27. Qxe6+ Kh8 28. Rd7 exf2+ 29. Kf1 Qb8 30. Qxe7 Qg3 31.
Qe5 Qg6 32. Nd6 Rf6 33. Nf5 Re8 34.
Re7 Re6 35. Rxe6 Rxe6 36. Qxc5 h6 37. Qf8+ Kh7 38. Ne7 Rxe7 39. Qxe7 Qg3 40. Qd7 1-0

[Event "British Rapidplay Championship 2023"]
[Site "Mercure Bradford, Bankfield Hotel"]
[Date "2023.04.16"]
[Round "10.5"]
[White "Edwards-Wright, Miles D"]
[Black "Khoury, Theo"]
[Result "0-1"]
[TimeControl "15 minutes plus 10 seconds per move"]
[WhiteElo "1937"]
[BlackElo "1772"]

1. g3 d5 2. Bg2 e5 3. d3 Nf6 4.
Nd2 c5 5. e4 d4 6. Ne2 Nc6 7.
f4 Bd6 8. Nf3 Bg4 9. h3 Bxf3 10.
Bxf3 b5 11. c3 a5 12. O-O O-O 13. f5 h6 14. g4 Nh7 15. Kg2 Be7 16. Ng3 dxc3 17. bxc3 b4 18. Qc2 bxc3 19. Qxc3 Nd4 20.
Rb1 Qc7 21. Ne2 Nxe2 22. Bxe2 Rfb8 23. Be3 Rb4 24. a3 Rb7 25. Rxb7 Qxb7 26. Qxe5 Bf6 27. Qxc5 Qb2 28. Kf3 Ng5+ 29.
Bxg5 hxg5 30. Qe3 Rc8 31. h4 Rc2 32. Re1 Bc3 33. Bf1 Bd4 34. Rb1 Qxb1 0-1

[Event "British Rapidplay Championship 2023"]
[Site "Mercure Bradford, Bankfield Hotel"]
[Date "2023.04.16"]
[Round "10.7"]
[White "Mosnegutu, Klauss"]
[Black "Hall, James"]
[Result "1-0"]
[TimeControl "15 minutes plus 10 seconds per move"]
[WhiteElo "2229"]
[BlackElo "1809"]

1. d4 Nf6 2. c4 e5 3. dxe5 Ng4 4. Nf3 Nc6 5. Bf4 f6 6. e6 Bb4+ 7. Nc3 Bxc3+ 8. bxc3 dxe6 9. Qxd8+ Kxd8 10.
h3 e5 11. hxg4 exf4 12. g5 Ne5 13. gxf6 Nxf3+ 14. exf3 g5 15. O-O-O+ Ke8 16. Bd3 Kf7 17. Rh6 Be6 18. Re1 Rad8 19. Bxh7 Rd6 20. Bg6+ Kg8 21. Rxe6 Rxe6 22.
f7+ 1-0

[Event "British Rapidplay Championship 2023"]
[Site "Mercure Bradford, Bankfield Hotel"]
[Date "2023.04.16"]
[Round "10.8"]
[White "Cook, Phil"]
[Black "Bramson, Mike"]
[Result "1-0"]
[TimeControl "15 minutes plus 10 seconds per move"]
[WhiteElo "2126"]
[BlackElo "1864"]

1. c4 e5 2. Nc3 Nf6 3. Nf3 Nc6 4. e3 d5 5. cxd5 Nxd5 6. Bb5 Nxc3 7. bxc3 Bd6 8. d4 exd4 9. cxd4 O-O 10.
O-O Bg4 11. h3 Bh5 12. Bb2 Qe7 13. Be2 Rad8 14. Qb3 b6 15. Rac1 Nb4 16. Rfe1 Nd5 17. g3 Nf6 18. Kg2 Ne4 19.
Rcd1 Kh8 20. Nd2 Bxe2 21. Rxe2 Qg5 22. Nxe4 Qg6 23. Nxd6 cxd6 24. Rc1 d5 25. Rc7 h5 26. Qc2 f5 27.
Ba3 Rfe8 28. Qc6 Re6 29. Qc2 h4 30. Be7 Re8 31. Bxh4 Qh5 32. f4 Rxe3 33. Rxe3 Rxe3 34. Rc8+ Kh7 35.
g4 Qxh4 36. Qxf5+ g6 37. Qf7+ Kh6 38. Rh8# 1-0

[Event "British Rapidplay Championship 2023"]
[Site "Mercure Bradford, Bankfield Hotel"]
[Date "2023.04.16"]
[Round "10.9"]
[White "Lau, Luke"]
[Black "Senior, Gary"]
[Result "1-0"]
[TimeControl "15 minutes plus 10 seconds per move"]
[WhiteElo "1917"]
[BlackElo "1911"]

1. e4 c5 2. c3 d5 3. exd5 Qxd5 4. d4 Nf6 5. Nf3 Bg4 6. dxc5 Qxc5 7. Be3 Qc7 8. Na3 a6 9. Be2 Nbd7 10. h3 Bh5 11. O-O e5 12.
Nc2 Be7 13. Nb4 Rd8 14. Nd5 Nxd5 15. Qxd5 Nc5 16. Qc4 b5 17. Qb4 O-O 18. Rad1 Nd3 19. Qb3 e4 20. Nd4 Bxe2 21. Nxe2 Kh8 22.
Nc1 Bc5 23. Bxc5 Nxc5 24. Qc2 f5 25. Rxd8 Rxd8 26. Rd1 Rd6 27. Ne2 Nd3 28. Ng3 Qc5 29. Nf1 Nxf2 30. Rxd6 Nd3+ 31. Rd4 1-0

[Event "British Rapidplay Championship 2023"]
[Site "Mercure Bradford, Bankfield Hotel"]
[Date "2023.04.16"]
[Round "10.10"]
[White "Hryshchenko, Kamila"]
[Black "Vijayakumar, Rishi"]
[Result "1/2-1/2"]
[TimeControl "15 minutes plus 10 seconds per move"]
[WhiteElo "2019"]
[BlackElo "1770"]

1. e4 c6 2. d4 d5 3. e5 Bf5 4. Be3 Qb6 5. Qc1 e6 6.
Nd2 Ne7 7. c4 h6 8. Ngf3 Bh7 9. c5 Qc7 10. h4 Nf5 11. Bf4 a5 12. Be2 Nd7 13. Qc3 b5 14. Bd3 O-O-O 15. Nb3 b4 16.
Qc2 Be7 17. Bd2 f6 18. g4 fxe5 19. gxf5 e4 20. Ba6+ Kb8 21. Nh2 Bxf5 22. Be3 a4 23. Nd2 Qa5 24. Be2 e5 25. Rc1 exd4 26. Bxd4 Rhf8 27. Ndf1 Bxh4 28.
Ne3 Be6 29. Nhg4 Be7 30. Ne5 Nxe5 31. Bxe5+ Kb7 32. Bxg7 Rf7 33. Bd4 Rdf8 34. Ng4 Rf4 35. Ne5 Bf6 36. Rxh6 Bf5 37. Rxf6 e3 38.
Rxf5 exf2+ 39. Bxf2 R8xf5 40. Nd3 Re4 41. Qd2 Qc7 42. Qh6 Qf7 43. Rc2 Rh5 44. Qd6 Re6 45. Qd8 Rh1+ 46. Kd2 Rxe2+ 47. Kxe2 Qh5+ 48. Ke3 Qh6+ 49. Ke2 Qh5+ 50. Ke3 Qh6+ 51. Ke2 Qh5+ 1/2-1/2

[Event "British Rapidplay Championship 2023"]
[Site "Mercure Bradford, Bankfield Hotel"]
[Date "2023.04.16"]
[Round "10.11"]
[White "McCarthy, Damian M"]
[Black "Clark, Robert G"]
[Result "0-1"]
[TimeControl "15 minutes plus 10 seconds per move"]
[WhiteElo "1860"]
[BlackElo "2008"]

1. e4 e6 2. d4 d5 3. Nc3 Bb4 4. e5 Ne7 5. a3 Bxc3+ 6. bxc3 c5 7. Qg4 Qc7 8. Qxg7 Rg8 9. Qxh7 cxd4 10. Ne2 Nbc6 11. f4 Bd7 12. Qd3 dxc3 13. Qxc3 O-O-O 14. Rb1 Kb8 15.
Rg1 Rc8 16. g4 d4 17. Qc5 Nd5 18. Rg3 Ka8 19. Bg2 f6 20. Bxd5 exd5 21. Rgb3 b6 22. Qxd5 fxe5 23. h3 Rge8 24.
f5 Rcd8 25. Qe4 Kb8 26. Bg5 Rc8 27. Qd5 Nd8 28. Bxd8 Rcxd8 29. Qa5 Kb7 30. Nc1 Bc6 31. Nd3 Rd5 32. Nc5+ Kc8 33. Qa6+ Kd8 34.
Ne6+ Rxe6 35. fxe6 e4 36.
Qe2 e3 37. Rd1 Qg3+ 38. Kf1 Qxh3+ 39. Kg1 Rg5 40. Rxd4+ Ke8 41. Rxe3 Qh1+ 42. Kf2 Qg2+ 43. Ke1 Qg1+ 44. Kd2 Qa1 45. e7 Qxd4+ 46. Rd3 Qf4+ 47. Ke1 Re5 0-1

[Event "British Rapidplay Championship 2023"]
[Site "Mercure Bradford, Bankfield Hotel"]
[Date "2023.04.16"]
[Round "10.12"]
[White "Ciuravin, Andrei"]
[Black "Mikalajunas, Kajus"]
[Result "0-1"]
[TimeControl "15 minutes plus 10 seconds per move"]
[WhiteElo "2185"]
[BlackElo "1778"]

1. d4 Nf6 2. Bg5 c5 3. Bxf6 exf6 4. d5 d6 5. c4 g6 6. Nc3 Bg7 7. e3 O-O 8. Bd3 a6 9. Nge2 Nd7 10.
Ng3 Ne5 11. Be2 f5 12. O-O h5 13. Bd3 h4 14. Nge2 Nxd3 15. Qxd3 b5 16. cxb5 axb5 17. Nxb5 Bxb2 18. Rab1 Bg7 19.
Nec3 Ba6 20. a4 Bxb5 21. axb5 Ra3 22. Rfc1 Qa5 23. b6 Rxc3 24. Rxc3 Bxc3 25. b7 Bb4 26. e4 fxe4 27. Qxe4 Qc7 28.
Qxh4 Qxb7 29. Rb3 Qxd5 30. Rh3 Qd1# 0-1

[Event "British Rapidplay Championship 2023"]
[Site "Mercure Bradford, Bankfield Hotel"]
[Date "2023.04.16"]
[Round "10.13"]
[White "Brencher, Paul"]
[Black "Surtees, Mike J"]
[Result "0-1"]
[TimeControl "15 minutes plus 10 seconds per move"]
[WhiteElo "1929"]
[BlackElo "2111"]

1. d4 c6 2. Nc3 d5 3. Bf4 Bf5 4. f3 Nf6 5. Qd2 e6 6. g4 Bg6 7. h4 h5 8. g5 Nfd7 9.
e4 Bb4 10. O-O-O Qa5 11. Nge2 Nb6 12. Kb1 Nc4 13. Qc1 Nd7 14. Bg2 O-O 15. Rd3 b5 16. Nd1 Bd6 17. Bxd6 Nxd6 18. Nf2 e5 19.
dxe5 Nxe5 20. Ra3 Qb6 21. Qe3 Nec4 22. Qxb6 Nxa3+ 23. bxa3 axb6 24. exd5 c5 25. Nf4 Bf5 26. Nxh5 Rxa3 27.
Ng3 Bxc2+ 28. Kxc2 Rxa2+ 29. Kd3 Rxf2 30. Rg1 Ra8 31. Ke3 Rb2 32. h5 Ra4 33. Ne2 Nf5+ 34. Kf2 Raa2 35. Re1 b4 36.
Bh3 Nd4 37. Bf1 Rd2 38. Ke3 Nxe2 39. Rxe2 Rxe2+ 40. Bxe2 b3 41. Bc4 Ra4 42. Bxb3 Ra3 43. d6 Rxb3+ 44. Ke4 Rb4+ 45. Kd5 Rd4+ 46. Kc6 c4 47. h6 c3 48. d7 c2 49. g6 c1=Q+ 50. Kb7 Rxd7+ 51. Ka6 Qa3+ 52. Kb5 Qc5+ 53. Ka4 Rd4+ 54. Kb3 Qc4+ 55. Kb2 Rd2+ 56. Kb1 Qf1# 0-1

[Event "British Rapidplay Championship 2023"]
[Site "Mercure Bradford, Bankfield Hotel"]
[Date "2023.04.16"]
[Round "10.14"]
[White "Sivanandan, Bodhana"]
[Black "Mazek, Marek"]
[Result "0-1"]
[TimeControl "15 minutes plus 10 seconds per move"]
[WhiteElo "1561"]
[BlackElo "2052"]

1. e4 c5 2. Nc3 d6 3. f4 Nc6 4. Nf3 g6 5. a4 Bg7 6. Bb5 Bd7 7. d3 e6 8. O-O Nge7 9. Qe1 O-O 10.
Bc4 Nd4 11. Nxd4 cxd4 12. Ne2 e5 13. Qg3 Be6 14. Bxe6 fxe6 15. Bd2 Qd7 16. fxe5 Bxe5 17. Qh3 Nc6 18. c3 Rae8 19. Bh6 Rxf1+ 20. Rxf1 Bg7 21. Bxg7 Qxg7 22. Qg3 dxc3 23. bxc3 Qe7 24. Nf4 Rf8 25. d4 e5 26. Nd5 Rxf1+ 27. Kxf1 Qf8+ 28. Qf2 Qxf2+ 29. Kxf2 exd4 30. cxd4 Nxd4 31. Ne7+ Kf7 32. Nc8 Ke6 33. Nxa7 Nb3 34. Ke3 Nc5 35. a5 Nb3 36. Nc8 Nxa5 37.
Nb6 Nc6 38. g3 Ne5 39. h3 Nd7 40.
Nd5 Nf6 41. Nf4+ Kd7 42. Kd4 Kc6 43. g4 g5 44. Ne6 h6 45. Nd8+ Kc7 46. Nf7 Ng8 47. e5 dxe5+ 48. Nxe5 Ne7 49.
Nf7 Ng8 50. Kd5 Kd7 51. Ne5+ Kc7 52. Nf7 b6 53. Ne5 Nf6+ 54. Ke6 Ne4 55. Nf7 Nf2 56. Nxh6 Nxh3 57. Kd5 Kd7 58. Nf7 Nf4+ 59.
Ke5 Nh3 60. Kd5 Kc7 61. Ne5 Kb7 62. Kc4 Ka6 63. Kb4 Nf4 64. Nf7 Ne6 65. Ne5 b5 66. Nd7 Nd4 67. Nc5+ Kb6 68. Nd7+ Kc6 69.
Ne5+ Kb6 70. Nd7+ Ka6 71. Nc5+ Kb6 72. Nd7+ Kc7 73. Ne5 Nc6+ 74. Nxc6 Kxc6 75. Kb3 Kc5 76. Kc3 Kd5 77. Kb4 Ke4 78.
Kxb5 Kf4 79. Kc4 Kxg4 80. Kd3 Kf3 81. Kd2 Kf2 82. Kd3 g4 83. Ke4 g3 84. Kf5 g2 85. Kg4 g1=Q+ 86. Kh5 Qg7 87. Kh4 Kf3 88. Kh5 Kf4 89. Kh4 Qg4 0-1

[Event "British Rapidplay Championship 2023"]
[Site "Mercure Bradford, Bankfield Hotel"]
[Date "2023.04.16"]
[Round "10.16"]
[White "Watson, Phil R"]
[Black "Fava, Lorenzo"]
[Result "1-0"]
[TimeControl "15 minutes plus 10 seconds per move"]
[WhiteElo "2144"]
[BlackElo "1728"]

1. d4 g6 2. c4 Bg7 3.
Nc3 d6 4. e4 c5 5. d5 Bxc3+ 6. bxc3 e5 7. g3 Qe7 8. Bh3 Bxh3 9. Nxh3 Nd7 10. O-O h5 11. Qa4 Qd8 12. Ng5 Kf8 13.
f4 Kg7 14. Rb1 Nb6 15. Qc2 Nf6 16. fxe5 dxe5 17. Nxf7 Qd7 18. Nxh8 Rxh8 19. Bg5 Ne8 20. Qf2 Nxc4 21. Bf6+ Nxf6 22.
Qxf6+ Qd8 1-0

[Event "British Rapidplay Championship 2023"]
[Site "Mercure Bradford, Bankfield Hotel"]
[Date "2023.04.16"]
[Round "10.17"]
[White "Walker, David J"]
[Black "Cuaresma, Gerald"]
[Result "1-0"]
[TimeControl "15 minutes plus 10 seconds per move"]
[WhiteElo "2250"]
[BlackElo "1741"]

1. c4 Nf6 2. Nc3 g6 3. g3 Bg7 4. Bg2 O-O 5. d4 d6 6. Nf3 c5 7. O-O Nc6 8. d5 Na5 9. Qd3 a6 10.
Rb1 b5 11. b3 b4 12. Ne4 Nxe4 13. Qxe4 Bf5 14. Qh4 Bxb1 15. Bg5 Bxa2 16. Bxe7 Qc7 17. Ng5 h6 18. Ne4 Nb7 19. Nf6+ Kh8 20.
Ng4 h5 21. Bf6 Qd8 22. Bxd8 Rfxd8 23. Ne3 Kg8 24. g4 hxg4 25. Nxg4 Bxb3 26. Nf6+ Kf8 27. f4 a5 28. f5 g5 29.
Qxg5 Bh8 30. Rf4 a4 31. Re4 1-0

[Event "British Rapidplay Championship 2023"]
[Site "Mercure Bradford, Bankfield Hotel"]
[Date "2023.04.16"]
[Round "10.18"]
[White "Mata, Andrew B"]
[Black "Shaw, Peter"]
[Result "0-1"]
[TimeControl "15 minutes plus 10 seconds per move"]
[WhiteElo "1659"]
[BlackElo "2231"]

1. d4 f5 2. c4 e6 3. Nc3 Nf6 4. g3 Be7 5. Bg2 O-O 6. Nh3 d6 7. O-O c6 8. Qb3 Kh8 9. Bd2 e5 10.
d5 c5 11. Ng5 Qc7 12. Ne6 Bxe6 13. dxe6 Nc6 14. Be3 Rab8 15. Nd5 Qc8 16. Nxe7 Nxe7 17. Bd5 b5 18. Qd3 bxc4 19. Bxc4 d5 20. Ba6 c4 21. Qa3 Qxe6 22. Bc5 Rfe8 23. Bxa7 Ra8 24. Bb7 Rad8 25.
Bc5 Ne4 26. Bxe7 Rxe7 27. Bc6 Rc7 28. Bb5 h6 29. Rfd1 Qb6 30. Qa6 Qxf2+ 31. Kh1 Qxe2 32. Kg1 Ng5 33. Re1 Nf3+ 0-1

[Event "British Rapidplay Championship 2023"]
[Site "Mercure Bradford, Bankfield Hotel"]
[Date "2023.04.16"]
[Round "10.19"]
[White "Buckley, Colm"]
[Black "Ackley, Peter JE"]
[Result "1/2-1/2"]
[TimeControl "15 minutes plus 10 seconds per move"]
[WhiteElo "1870"]
[BlackElo "2151"]

1. d4 d6 2. c4 e5 3. e3 Nd7 4.
Nc3 Ngf6 5. Nf3 g6 6. dxe5 dxe5 7. b3 Bg7 8. Bb2 O-O 9. Be2 a6 10. O-O e4 11. Nd2 Re8 12. Qc2 Qe7 13.
a3 h5 14. Rfd1 c6 15. b4 b5 16. cxb5 cxb5 17. Nb3 Bb7 18. Na5 Nb6 19. Qb3 Rac8 20. a4 bxa4 21. Nxa4 Nxa4 22. Qxa4 Rb8 23.
Nxb7 Qxb7 24. Bxf6 Bxf6 25. Rab1 Re6 26. Bf1 1/2-1/2

[Event "British Rapidplay Championship 2023"]
[Site "Mercure Bradford, Bankfield Hotel"]
[Date "2023.04.16"]
[Round "10.20"]
[White "Quilter, Thomas A"]
[Black "Gopakumar, Siddharth"]
[Result "1-0"]
[TimeControl "15 minutes plus 10 seconds per move"]
[WhiteElo "2134"]
[BlackElo "1735"]

1. Nf3 d5 2. d3 c5 3. e4 dxe4 4. dxe4 Qxd1+ 5. Kxd1 Bg4 6.
Be3 Bxf3+ 7. gxf3 e5 8.
c3 Nd7 9. Bc4 g6 10. Nd2 f5 11. f4 Bh6 12. f3 Ne7 13. Re1 exf4 14. Bf2 O-O-O 15. Be6 b6 16. Kc2 Kc7 17. exf5 Nxf5 18.
Bxf5 gxf5 19. Re6 Bg5 20. Nc4 Rhe8 21.
Rae1 Rxe6 22. Rxe6 Nf8 23. Re5 Rd7 24. Rxf5 Ne6 25. Ne5 Rg7 26. Kd3 Kd6 27. Nf7+ Kc6 28. Ke4 Be7 29. Ne5+ Kd6 30.
Nc4+ Kc6 31. Re5 Kd7 32. Rd5+ Kc7 33. Kf5 Rg6 34. Ne5 Rf6+ 35. Kg4 Bd6 36. Bh4 Rf8 37. Nc4 Rg8+ 38. Kf5 Ng7+ 39.
Kf6 Ne8+ 40. Kf5 Rf8+ 41. Ke4 b5 42. Ne5 Nf6+ 43. Bxf6 Rxf6 44. Ng4 Re6+ 45. Kd3 Kc6 46. Rh5 Re7 47. Kd2 a5 48. Nf6 Rg7 49.
Ne4 c4 50. Rh6 Rd7 51. Ke2 Kc7 52. Nxd6 Rxd6 53. Rxh7+ Kc6 54. h4 b4 55. h5 bxc3 56. bxc3 Kb5 57. Re7 Rd5 58. h6 Rh5 59. h7 Kc6 60. Rf7 Rh2+ 61. Kf1 Kd5 62. Kg1 Rh6 63.
Ra7 Kc5 64. a4 Kb6 65. Rf7 Kc5 66. Rf5+ Kd6 67. Rf6+ Rxf6 68. h8=Q 1-0

[Event "British Rapidplay Championship 2023"]
[Site "Mercure Bradford, Bankfield Hotel"]
[Date "2023.04.16"]
[Round "10.21"]
[White "Smith, Andrew P"]
[Black "Donahue, Randolph E"]
[Result "1-0"]
[TimeControl "15 minutes plus 10 seconds per move"]
[WhiteElo "2125"]
[BlackElo "1780"]

1. e4 e5 2. d4 exd4 3. Qxd4 Nc6 4. Qe3 d6 5. Nc3 Nf6 6. Bd2 Be6 7. O-O-O Be7 8. Nge2 a5 9. Nf4 O-O 10.
Nxe6 fxe6 11. Qh3 e5 12. Bc4+ Kh8 13. Be3 a4 14. a3 Na5 15. Be6 Qe8 16. g4 b5 17. g5 Qh5 18. gxf6 Qxh3 19.
fxg7+ Kxg7 20. Bxh3 b4 21. Nd5 bxa3 22. Nxe7 a2 23. Kd2 Nc4+ 24. Kc3 Nxe3 25. fxe3 Kh8 26. Nf5 Rfb8 27. Ra1 a3 28.
b3 Rb6 29. Rxa2 c5 30. Rd1 c4 31. bxc4 Raa6 32. Rg1 Rb8 33. Nh6 Ra7 34. Be6 Rf8 35. Rg8+ Rxg8 36. Nxg8 Kg7 37. Kb3 Ra8 38.
Rxa3 Rxa3+ 39. Kxa3 h5 40. Bd5 h4 41. h3 Kf8 42. Kb4 Ke8 43. Kb5 Kd7 44. Kb6 Ke8 45. Kc7 Kf8 46. Kxd6 Ke8 47.
c5 Kd8 48. Be6 Ke8 49. c6 Kd8 50. c7+ Ke8 1-0

[Event "British Rapidplay Championship 2023"]
[Site "Mercure Bradford, Bankfield Hotel"]
[Date "2023.04.16"]
[Round "10.22"]
[White "Slinger, AJ (Tony)"]
[Black "Bak, Christopher"]
[Result "0-1"]
[TimeControl "15 minutes plus 10 seconds per move"]
[WhiteElo "1841"]
[BlackElo "2116"]

1. c4 c5 2. Nf3 Nc6 3. Nc3 Nf6 4. g3 g6 5. Bg2 Bg7 6. O-O d6 7. d3 O-O 8. Rb1 Ne8 9. Bd2 Nc7 10.
a3 a5 11. Nd5 Be6 12. Nxc7 Qxc7 13. Bc3 d5 14. Bxg7 Kxg7 15. cxd5 Bxd5 16. Rc1 b6 17. Nd2 Bxg2 18. Kxg2 Rfd8 19.
Kg1 Rab8 20. Nf3 Qd6 21. Qc2 Kg8 22. Qc3 Qe6 23. Rfe1 Rbc8 24. Qc4 Rd6 25. Qxe6 Rxe6 26. Kf1 Rd8 27.
h4 h6 28. Rc3 Kg7 29. Rec1 f6 30. Rc4 g5 31. hxg5 hxg5 32. g4 Rh8 33. R4c2 Rh1+ 34. Kg2 Rxc1 35. Rxc1 Rxe2 36. Rb1 Rc2 37.
Kf1 Kf7 38. Ke1 Nd4 39. Nxd4 cxd4 40. b4 a4 41. b5 Rc3 42. Rb4 Rxa3 43. Rxd4 Ra2 44. Rc4 a3 45. Ra4 Ke6 46. Ra6 Kd5 47.
Rxb6 Rb2 48. Ra6 a2 0-1

[Event "British Rapidplay Championship 2023"]
[Site "Mercure Bradford, Bankfield Hotel"]
[Date "2023.04.16"]
[Round "10.23"]
[White "Patrick, Chaski"]
[Black "Lloyd, Stephen M"]
[Result "1-0"]
[TimeControl "15 minutes plus 10 seconds per move"]
[WhiteElo "2032"]
[BlackElo "1742"]

1. e4 c5 2. Nf3 g6 3. Bc4 Bg7 4.
O-O Nc6 5. c3 d6 6. Qe2 Nf6 7. h3 O-O 8. d4 cxd4 9. cxd4 Bd7 10. Nc3 a6 11. e5 dxe5 12. dxe5 Ne8 13. Rd1 e6 14.
Qd3 Nb8 15. Bg5 Qb6 16. Be7 Bc6 17. Ne4 Nd7 18. Bxf8 Bxf8 19. Neg5 Bxf3 20. Qxd7 Qc7 21. Qxc7 Nxc7 22. gxf3 Rc8 23.
Rd7 1-0

[ePGN "0.1;DGT LiveChess/2.2.5"]

[Event "British Rapidplay Championship 2023"]
[Site "Mercure Bradford, Bankfield Hotel"]
[Date "2023.04.16"]
[Round "11.1"]
[White "Ashton, Adam G"]
[Black "Ghasi, Ameet K"]
[Result "0-1"]
[TimeControl "15 minutes plus 10 seconds per move"]
[WhiteElo "2390"]
[BlackElo "2631"]

1. e4 c5 2. Nf3 e6 3. g3 b6 4. Bg2 Bb7 5. Qe2 Nc6 6. O-O Rc8 7. c3 Nf6 8. Rd1 c4 9. e5 Nd5 10.
b3 b5 11. bxc4 bxc4 12. Ba3 Bxa3 13. Nxa3 Ba6 14. Qe4 O-O 15. Nxc4 Bxc4 16. Qxc4 Nxe5 17. Qa6 Nc6 18. Rab1 Nde7 19.
Rb7 d5 20. Rdb1 Nf5 21. Qa4 Nd6 22. R7b3 Nc4 23. d3 Nb6 24. Qh4 Qxh4 25. Nxh4 Ne5 26. Rd1 Na4 27. d4 Nc4 28. Nf3 Rc7 29.
Rc1 Nd6 30. Ra3 Nb6 31. Ne5 Nb5 32. Nf3 Nd6 33. Bf1 0-1

[Event "British Rapidplay Championship 2023"]
[Site "Mercure Bradford, Bankfield Hotel"]
[Date "2023.04.16"]
[Round "11.2"]
[White "Makkar, Rajat"]
[Black "Dong, Bao Nghia"]
[Result "1/2-1/2"]
[TimeControl "15 minutes plus 10 seconds per move"]
[WhiteElo "2297"]
[BlackElo "2331"]

1. d4 Nf6 2. c4 g6 3. Nc3 d6 4. e4 Bg7 5. h3 O-O 6. Be3 Nbd7 7. g4 e5 8. d5 Nc5 9. f3 a5 10. Qd2 Bd7 11. Nge2 Ne8 12.
h4 f5 13. gxf5 gxf5 14. Bg5 Bf6 15. Ng3 1/2-1/2

[Event "British Rapidplay Championship 2023"]
[Site "Mercure Bradford, Bankfield Hotel"]
[Date "2023.04.16"]
[Round "11.3"]
[White "Khoury, Theo"]
[Black "Gormally, Daniel W"]
[Result "0-1"]
[TimeControl "15 minutes plus 10 seconds per move"]
[WhiteElo "1772"]
[BlackElo "2570"]

1. e4 c5 2. c3 d5 3. exd5 Qxd5 4. d4 Nf6 5. Nf3 e6 6. Na3 a6 7. Bc4 Qe4+ 8. Qe2 cxd4 9. cxd4 Bb4+ 10. Bd2 Bxd2+ 11. Nxd2 Qxd4 12. O-O-O O-O 13.
h4 Nc6 14. Nc2 Qe5 15. Qf3 Qc5 16. Kb1 Ne5 17. Qc3 b5 18. Be2 Qxc3 19. bxc3 Bb7 20. Ne3 Rac8 21. Kb2 Rfd8 22. Nb3 Ne4 23. f4 Rxd1 24. Rxd1 Nxc3 25. fxe5 Nxe2 26. Rd7 Bc6 27.
Ra7 h5 28. Rxa6 Nf4 29. Nd4 Nd3+ 30. Kb1 Be4 31. Ndc2 Nb4 0-1

[Event "British Rapidplay Championship 2023"]
[Site "Mercure Bradford, Bankfield Hotel"]
[Date "2023.04.16"]
[Round "11.4"]
[White "Wells, Peter K"]
[Black "Mosnegutu, Klauss"]
[Result "0-1"]
[TimeControl "15 minutes plus 10 seconds per move"]
[WhiteElo "2466"]
[BlackElo "2229"]

1. d4 Nf6 2. Nf3 b6 3. Bg5 Ne4 4. Bh4 Bb7 5. e3 c5 6. Bd3 d5 7. O-O Nd7 8. Ne5 Nxe5 9. dxe5 c4 10.
Bxe4 dxe4 11. e6 fxe6 12. Qh5+ g6 13. Qe5 Rg8 14. Qxe6 Bd5 15. Qh3 Qd7 16. Qxd7+ Kxd7 17. Rd1 Ke6 18. Nc3 Bc6 19. Rd4 b5 20.
Nxe4 h6 21. Nc5+ Kf7 22. c3 e5 23. Rd7+ Bxd7 24. Nxd7 Ke6 25. Nxf8+ Rgxf8 26. a4 a6 27. f3 Rfb8 28. e4 bxa4 29. Rxa4 Rxb2 30. h3 a5 31. Rxc4 a4 32. Rc6+ Kd7 33.
Rxg6 a3 34. Rg7+ Kc6 35. Rg6+ Kb5 0-1

[Event "British Rapidplay Championship 2023"]
[Site "Mercure Bradford, Bankfield Hotel"]
[Date "2023.04.16"]
[Round "11.5"]
[White "Clark, Robert G"]
[Black "Arkell, Keith C"]
[Result "0-1"]
[TimeControl "15 minutes plus 10 seconds per move"]
[WhiteElo "2008"]
[BlackElo "2447"]

1. e4 c6 2. d4 d5 3.
Nd2 dxe4 4. Nxe4 Nd7 5.
Nf3 Ngf6 6. Nxf6+ Nxf6 7. c3 Bg4 8. Be2 e6 9. Ne5 Bxe2 10. Qxe2 Be7 11. O-O O-O 12. Bg5 h6 13. Bh4 Nd5 14.
Bxe7 Qxe7 15. Rfd1 Rfd8 16. g3 Qc7 17. Qf3 c5 18. Qe2 Nf6 19. Nf3 cxd4 20. Rxd4 Rxd4 21. Nxd4 a6 22. Nb3 b5 23.
Rd1 Rc8 24. Rd4 Nd5 25. Nd2 Nb6 26. Nf1 Nc4 27. Ne3 Qe5 28. Kf1 Nb6 29. Qd3 Na4 30. Qd2 h5 31. Kg1 g6 32. Rd6 Nxb2 33.
Rxa6 Na4 34. c4 Nc5 35. Rd6 Ne4 36. Qd4 Qxd6 37. Qxe4 bxc4 38. Nxc4 Qb4 0-1

[Event "British Rapidplay Championship 2023"]
[Site "Mercure Bradford, Bankfield Hotel"]
[Date "2023.04.16"]
[Round "11.6"]
[White "Pitcher, John"]
[Black "Lau, Luke"]
[Result "1-0"]
[TimeControl "15 minutes plus 10 seconds per move"]
[WhiteElo "2358"]
[BlackElo "1917"]

1. e4 e5 2. Bc4 Nf6 3. d3 c6 4.
Nf3 d5 5. Bb3 Bd6 6. exd5 cxd5 7. O-O O-O 8. Bg5 Be6 9. Nc3 d4 10. Ne4 Be7 11. Bxe6 fxe6 12. Nxe5 Qd5 13. Nf3 Nc6 14.
Qe2 Rae8 15. a3 e5 16. Rfe1 Nh5 17. Bd2 Bd8 18. Neg5 g6 19. b4 Bc7 20. a4 Nd8 21. b5 Ne6 22.
Nxe6 Rxe6 23. Qe4 Qxe4 24. Rxe4 Nf6 25. Re2 e4 26. Rae1 Rfe8 27. Nxd4 Rd6 28. Nb3 Rd5 29. dxe4 Rh5 30.
h3 Nd7 31. f4 Nc5 32. g4 1-0

[Event "British Rapidplay Championship 2023"]
[Site "Mercure Bradford, Bankfield Hotel"]
[Date "2023.04.16"]
[Round "11.7"]
[White "Eckersley-Waites, Tom"]
[Black "Cook, Phil"]
[Result "1/2-1/2"]
[TimeControl "15 minutes plus 10 seconds per move"]
[WhiteElo "2304"]
[BlackElo "2126"]

1. d4 Nf6 2. c4 g6 3. Nc3 Bg7 4. e4 d6 5. Nf3 O-O 6. Be2 e5 7. O-O Bg4 8. Be3 Bxf3 9. Bxf3 exd4 10.
Bxd4 Nc6 11. Be3 Nd7 12. Qd2 Nc5 13. Rad1 Re8 14. Qc1 Qc8 15. Rfe1 Ne5 16. Be2 Ng4 17. Bxg4 Qxg4 18. f3 Qe6 19. Nb5 Qc8 20. b4 Ne6 21.
c5 a6 22. Nc3 a5 23. cxd6 cxd6 24. Nd5 Qxc1 25. Rxc1 axb4 26. Nxb4 Ra4 27. Rb1 Bc3 28. Nd5 Bxe1 29. Nf6+ Kf8 30.
Nxe8 Kxe8 31. Rxe1 Rxa2 32. Rb1 Re2 33. Bf2 Nc5 34. Bxc5 dxc5 35. Rxb7 Rc2 36. h4 c4 37. h5 gxh5 38.
Kh2 Rc1 39. Kg3 c3 40. Rc7 c2 41. Kf4 Kd8 42. Rc3 Ke7 43. Ke5 h4 44. Rc7+ 1/2-1/2